 Dungeon Crawl Stone Soup version 0.16-a0-282-ga87e286 (webtiles) character file.

1974 Kashira the Archer (level 9, -3/70 HPs)
             Began as a Centaur Hunter on Aug 27, 2014.
             Slain by a killer bee (8 damage)
             ... on Level 8 of the Dungeon.
             The game lasted 01:03:33 (8709 turns).

Kashira the Archer (Centaur Hunter)                 Turns: 8709, Time: 01:03:33

HP  -3/70        AC  6     Str 15      XL: 9   Next:  0%
MP   8/8         EV 11     Int 10      God:
Gold 253         SH  0     Dex 13      Spells:  0 memorised,  8 levels left

rFire  . . .     SeeInvis .     G - +0 flail (crush)
rCold  . . .     Clarity  .     d - +0 leather armour
rNeg   . . .     rCorr    .     (no shield)
rPois  +         rRot     .     a - +0 helmet
rElec  .         Spirit   .     (no cloak)
SustAb .         Warding  .     (no gloves)
rMut   .         Stasis   +     (no barding)
Gourm  .                        E - amulet of stasis
MR     .....                    (no ring)
                                e - ring of poison resistance

@: very quick, not resistant to hostile enchantments, very unstealthy
A: hooves 3, deformed body, speed 2, tough skin 3
a: no special abilities


You were on level 8 of the Dungeon.
You were hungry.

You visited 2 branches of the dungeon, and saw 9 of its levels.

You collected 253 gold pieces.

Inventory:

Hand weapons
 b - a +1 shortbow
 m - a +0 hunting sling
 w - a +1 hand axe of chopping
 G - a +0 flail of crushing (weapon)
 K - a +2 longbow of velocity
 U - a cursed -1 scimitar
 Y - a +0 dagger of pain
Missiles
 c - 9 arrows
 g - 16 sling bullets
 i - 10 exploding sling bullets
 n - 3 needles of paralysis
 r - 10 poisoned needles
 A - 3 tomahawks of returning (quivered)
 Q - a throwing net
 T - 11 arrows of frost
 W - 4 arrows of flame
Armour
 a - a +0 helmet (worn)
 d - a +0 leather armour (worn)
 H - a +0 chain mail of magic resistance
 I - a +0 buckler
Magical devices
 t - a wand of magic darts (10) {unknown}
 x - a wand of lightning (0)
 y - a wand of slowing (5)
 F - a wand of slowing (0)
 J - a wand of draining (7) {unknown}
 S - a wand of frost (13)
Comestibles
 f - 4 bread rations
 j - 2 meat rations
 l - a beef jerky
 s - a royal jelly
 R - 2 slices of pizza
Scrolls
 k - 3 scrolls of teleportation
 u - a scroll of magic mapping
 L - a scroll of enchant armour {unknown}
 M - 2 scrolls of remove curse
 O - 2 scrolls of amnesia {unknown}
 Z - a scroll of identify
Jewellery
 e - a ring of poison resistance (left hand)
 C - a +4 ring of protection {unknown}
 E - an amulet of stasis (around neck)
Potions
 h - a potion of agility
 o - a potion of might {unknown}
 p - 2 potions of brilliance {unknown}
 q - a potion of curing
 v - 2 potions of invisibility {unknown}
 z - 2 potions of resistance {unknown}
 B - a potion of confusion {unknown}
 D - 3 potions of cure mutation {unknown}
 N - a potion of poison {unknown}
 P - a potion of heal wounds {unknown}
 V - 2 potions of lignification {unknown}


   Skills:
 + Level 3.3 Fighting
 + Level 0.5(1.1) Axes
 + Level 1.4(1.5) Maces & Flails
 + Level 5.6 Slings
 + Level 9.9 Bows
 + Level 2.9 Armour
 + Level 4.0 Dodging
 + Level 1.5 Stealth
 + Level 1.3 Evocations


You had 8 spell levels left.
You didn't know any spells.

Dungeon Overview and Level Annotations

Branches:
Dungeon (8/15)             Temple (1/1) D:7
   Lair: D:8-11

Altars:
Ashenzari
Cheibriados
Dithmenos
Fedhas
Gozag
Kikubaaqudgha
Makhleb
Nemelex Xobeh
Sif Muna
Trog
Vehumet
Xom
Zin
The Shining One

Annotations:
D:5 Crazy Yiuf


Innate Abilities, Weirdness & Mutations

You have hooves in place of feet.
Armour fits poorly on your strangely shaped body.
You cover ground very quickly.
You have extremely tough skin (AC +3).


Message History

Read which item? (? for menu, Esc to quit)
You cannot teleport right now.
A kobold comes into view.
The kobold shouts!
The killer bee stings you but does no damage.
Found 13 gold pieces.
Found a club.
The killer bee closely misses you.
Found 4 fruits.
The killer bee closely misses you.
Found 4 fruits.
Read which item? (? for menu, Esc to quit)
As you read the scroll labeled ZOISTU STINNO, it crumbles to dust.
Your body is wracked with pain!
* * * LOW HITPOINT WARNING * * *
The killer bee convulses!
The kobold convulses!
It was a scroll of torment.
The killer bee misses you. The killer bee completely misses you.
A rat comes into view.
The killer bee stings you!
You die...

#.# #.# #.# #.#
##### #.# #
#.....#.# ..#
#...#.###...#
#...........
#..@.# .# #
#.###.##y##.#.#..
%................
.%.##...K...#.#..
).######.r###.#..
......$..........
.#######..###.#.#
#..# #$.#


You could see a killer bee, a kobold and a rat.

Vanquished Creatures
  Edmund (D:4)
  A water moccasin (D:6)
  An ice beast (D:4)
  A sky beast (D:6)
  2 orc warriors (D:6)
  3 ogres
  3 giant frogs (D:6)
  A scorpion (D:4)
  2 killer bees (D:8)
  2 crimson imps (D:6)
  6 hounds
  A jelly (D:5)
  An orc priest (D:6)
  An elf skeleton (D:7)
  4 orc wizards
  A worker ant (D:4)
  A sky beast zombie (D:6)
  A gnoll zombie (D:6)
  6 gnolls (D:6)
  14 adders
  A giant mite (D:5)
  3 worms
  2 oozes
  14 orcs
  2 bat skeletons (D:4)
  4 giant cockroaches
  7 goblins
  9 hobgoblins
  13 jackals
  3 ball pythons
  9 bats
  4 giant geckos
  5 giant newts
  10 kobolds
  2 kobold skeletons
  A kobold zombie (D:5)
  A quokka (D:5)
  5 rats
  A rat zombie (D:6)
149 creatures vanquished.

Notes
Turn   | Place    | Note
--------------------------------------------------------------
     0 | D:1      | Kashira, the Centaur Hunter, began the quest for the Orb.
     0 | D:1      | Reached XP level 1. HP: 16/16 MP: 1/1
   309 | D:1      | Reached XP level 2. HP: 18/23 MP: 2/2
   365 | D:1      | Reached skill level 6 in Bows
  1191 | D:2      | Found a sparkling altar of Nemelex Xobeh.
  1312 | D:2      | Reached XP level 3. HP: 28/28 MP: 3/3
  2100 | D:2      | Reached XP level 4. HP: 21/35 MP: 3/3
  2667 | D:3      | Reached skill level 1 in Armour
  2723 | D:3      | Noticed an ogre
  2760 | D:3      | Killed an ogre
  2760 | D:3      | Reached skill level 1 in Slings
  2760 | D:3      | Reached skill level 7 in Bows
  2760 | D:3      | Reached XP level 5. HP: 19/41 MP: 4/4
  2961 | D:4      | Noticed Edmund
  3375 | D:4      | Reached XP level 6. HP: 42/48 MP: 5/5
  4663 | D:4      | Killed Edmund
  4663 | D:4      | Reached skill level 1 in Stealth
  4795 | D:5      | Entered Level 5 of the Dungeon
  4799 | D:5      | Reached XP level 7. HP: 56/56 MP: 5/5
  5103 | D:4      | Reached skill level 5 in Slings
  5103 | D:4      | Reached skill level 1 in Evocations
  5556 | D:5      | Noticed Crazy Yiuf
  5729 | D:5      | Found an opulent altar of Gozag.
  6366 | D:6      | Reached skill level 8 in Bows
  6450 | D:6      | Reached XP level 8. HP: 34/62 MP: 7/7
  6830 | D:6      | Reached skill level 1 in Maces & Flails
  7216 | D:6      | Reached skill level 9 in Bows
  8036 | D:7      | Found a staircase to the Ecumenical Temple.
  8042 | Temple   | Entered the Ecumenical Temple
  8471 | D:7      | Found a sparkling altar of Nemelex Xobeh.
  8668 | D:8      | Reached XP level 9. HP: 30/70 MP: 8/8
  8683 | D:8      | HP: 3/70 [killer bee (9)]
  8709 | D:8      | Slain by a killer bee

Action                   |  1- 3 |  4- 6 |  7- 9 || total
-------------------------+-------+-------+-------++-------
Melee: Short sword       |    23 |       |       ||    23
       Hand axe          |       |    54 |    18 ||    72
       Flail             |       |       |   133 ||   133
 Fire: Shortbow          |    87 |    36 |    18 ||   141
       Hunting sling     |    17 |   101 |    35 ||   153
       Longbow           |       |       |    94 ||    94
Evoke: Wand              |       |     8 |     7 ||    15
  Use: Scroll            |     2 |     4 |     6 ||    12
       Potion            |       |       |     3 ||     3
  Eat: Bread ration      |     1 |       |     1 ||     2
       Chunk             |       |     4 |     6 ||    10
